 Dungeon Crawl Stone Soup version 0.19-a0-1002-g674d22e (webtiles) character file.

35 tsouns the Shooter (level 3, -2/24 HPs)
             Began as an Octopode Hunter on July 18, 2016.
             Slain by Robin
             ... wielding a +0 dagger
              (5 damage)
             ... on level 2 of the Dungeon.
             The game lasted 00:03:15 (1139 turns).

tsouns the Shooter (Octopode Hunter)                Turns: 1139, Time: 00:03:16

Health: -2/24      AC:  1    Str: 11      XL:     3   Next: 35%
Magic:  3/3        EV: 12    Int: 17 (18) God:
Gold:   61         SH:  0    Dex: 15      Spells: 0 memorised, 2 levels left

rFire  . . .     SeeInvis .     a - +1 shortbow
rCold  . . .     Gourm    .     (shield currently unavailable)
rNeg   . . .     Faith    .     (helmet restricted)
rPois  .         Spirit   .     (no amulet)
rElec  .         Dismiss  .     (no ring)
rCorr  .         Reflect  .     (no ring)
SustAt .         Harm     .     (no ring)
MR     .....     Clarity  +     (no ring)
Stlth  +++.......               (no ring)
                                (no ring)
                                (no ring)
                                (no ring)

@: brilliant, not resistant to hostile enchantments, fairly stealthy
A: almost no armour, amphibious, 8 rings, constrict 8, camouflage 1, agile 1,
clarity, deterioration 1, gelatinous body 1
a: no special abilities


You were on level 2 of the Dungeon.
You were hungry.

You visited 1 branch of the dungeon, and saw 2 of its levels.

You collected 61 gold pieces.

Inventory:

Hand Weapons
 a - a +1 shortbow (weapon)
 b - a +0 short sword
 e - a +0 hand axe
Missiles
 c - 45 arrows (quivered)
Scrolls
 i - 3 scrolls of enchant armour {unknown}
 k - 3 scrolls of identify {unknown}
 q - a scroll of magic mapping {unknown}
Potions
 f - a potion of mutation
 j - a potion of degeneration {unknown}
 l - a potion of resistance {unknown}
 m - a potion of curing {unknown}
 n - a potion of agility {unknown}
 o - a potion of flight {unknown}
 r - a potion of magic {unknown}
Comestibles
 d - a bread ration
 p - a royal jelly


   Skills:
 - Level 2.0 Fighting
 + Level 5.1 Bows
 - Level 2.0 Dodging
 - Level 1.3 Stealth


You had 2 spell levels left.
You didn't know any spells.

Dungeon Overview and Level Annotations

Branches:
Dungeon (2/15)

Altars:

Annotations:
D:2 Robin


Innate Abilities, Weirdness & Mutations

You cannot wear most types of armour.
You are amphibious.
You can wear up to eight rings at the same time.
You can use your tentacles to constrict eight enemies at once.
Your skin changes colour to match your surroundings (Stealth+).
Your rubbery body absorbs attacks. (AC +1)
You are agile. (Dex +2)
You possess an exceptional clarity of mind.
Your body sometimes deteriorates upon taking damage.


Message History

The goblin shouts!
You hear a shout! x3; You hear an angry hiss.
You are too injured to fight recklessly!
Firing (i - inventory):
c - 47 arrows (quivered)
Press: ? - help, Shift-Dir - straight line, f - goblin, p - Robin
Aim: a goblin, wielding a dagger (unusually strong)
You shoot an arrow. The arrow hits the goblin.
The goblin is severely wounded.
The goblin hits you with a dagger.
* * * LOW HITPOINT WARNING * * *
Your body deteriorates!
You feel dopey.
A goblin comes into view. It is wielding a dagger.
Unknown command.
Firing (i - inventory):
c - 46 arrows (quivered)
Press: ? - help, Shift-Dir - straight line, f/p - goblin
Aim: a goblin, wielding a dagger (heavily wounded, unusually strong)
You shoot an arrow. The arrow closely misses the goblin.
Robin roars a battlecry!
The goblin goes into a battle-frenzy!
Robin hits you with a dagger.
You die...

##......## #. #.....(..
##......).## #.# ...#g...
#..........# #..##..... .#
#..........####..#..g. ....
#...(>.....#........##(..##
#....<.......# #.g...g.....
#...[......#####.S(.#.#...#
##........## ##.g.#.# # .
##........## #.@g##...
#.......>..###g#####....
#....[.....#((.#####...#.#
#..........)(#.#... ..## #
#...........##...##...#
#...........#.....#....
##.........รท..........
##.....(#............
########............


You could see Robin, an adder and 6 goblins.

Vanquished Creatures
  An ooze (D:2)
  A giant gecko (D:1)
  A ball python (D:2)
  3 giant cockroaches (D:1)
  2 hobgoblins (D:1)
  3 jackals (D:1)
  A bat (D:1)
  8 goblins
  3 kobolds
  3 rats
26 creatures vanquished.

Notes
Turn   | Place    | Note
-------+----------+-------------------------------------------
     0 | D:1      | tsouns the Octopode Hunter began the quest for the Orb.
     0 | D:1      | Reached XP level 1. HP: 14/14 MP: 1/1
   159 | D:1      | Reached XP level 2. HP: 18/19 MP: 2/2
   833 | D:2      | Reached XP level 3. HP: 24/24 MP: 3/3
   865 | D:2      | Reached skill level 5 in Bows
   898 | D:2      | Noticed Robin
  1136 | D:2      | Gained mutation: Your body sometimes deteriorates upon taking damage. [potion of mutation]
  1136 | D:2      | Gained mutation: You are agile. (Dex +2) [potion of mutation]
  1136 | D:2      | Gained mutation: You possess an exceptional clarity of mind. [potion of mutation]
  1139 | D:2      | Slain by Robin

Vault maps used:
D:1:      dpeg_arrival_more_subterranean_lakeside_camping, st_stairs_7
D:2:      uniq_iyjb, uniq_robin

Skill      XL: |  1  2  3 |
---------------+----------+-----
Bows           | 5 |  5.1
Fighting       | |  2.0
Dodging        | |  2.0
Stealth        | |  1.3

Action                   || total
-------------------------++-------
Melee: Short sword       ||    19
       Constrict         ||     6
       Tentacles         ||     4
 Fire: Shortbow          ||    33
  Use: Potion            ||     2
 Stab: Sleeping          ||     4
Armor: Skin              ||     1
Dodge: Dodged            ||    14
